 Dungeon Crawl Stone Soup version 0.31.0-10-gcf4a605ca0 (webtiles) character file.

Game seed: 15109690918900493263

113 zenocrate the Sneak (level 4, 0/21 HPs)
             Began as a Vine Stalker Enchanter on Jan 25, 2024.
             Slain by a gnoll
             ... wielding a +0 halberd
              (7 damage)
             ... on level 2 of the Dungeon.
             The game lasted 00:01:45 (1457 turns).

zenocrate the Sneak (Vine Stalker Enchanter)        Turns: 1457, Time: 00:01:45

Health: 0/21       AC:  2    Str: 11    XL:     4   Next: 96%
Magic:  0/8        EV: 12    Int: 15    God:
Gold:   59         SH:  0    Dex: 16    Spells: 2/7 levels left

rFire   . . .        a - +1 dagger
rCold   . . .        (no shield)
rNeg    . . .        b - +0 robe
rPois   .            (no helmet)
rElec   .            (no cloak)
rCorr   .            (no gloves)
SInv    .            (no boots)
Will    +....        (no amulet)
Stlth   +++          g - ring of willpower
HPRegen 1.03/turn    (no ring)
MPRegen 0.11/turn

%: guardian spirit
@: no status effects
A: fangs 2, regeneration 1, magic shield, antimagic bite, no potion heal 2
a: no special abilities


You were on level 2 of the Dungeon.
You visited 1 branch of the dungeon, and saw 2 of its levels.

You collected 59 gold pieces.

Inventory:

Hand Weapons
 a - a +1 dagger (weapon)
Missiles
 j - 6 poisoned darts (quivered)
 k - 4 curare-tipped darts
 l - 4 javelins
Armour
 b - a +0 robe (worn)
Jewellery
 g - a ring of willpower (left hand)
Scrolls
 d - a scroll of teleportation {unknown}
 e - a scroll of enchant weapon {unknown}
 f - a scroll of torment {unknown}
 i - a scroll of fog {unknown}
 m - a scroll of immolation {unknown}
Potions
 c - 2 potions of invisibility
 h - a potion of lignification {unknown}


   Skills:
 + Level 1.8 Short Blades
 + Level 2.3 Dodging
 + Level 4.4 Stealth
 - Level 2.1 Spellcasting
 + Level 3.5 Hexes
 * Level 2.0 Ice Magic


You had 2 spell levels left.
You knew the following spells:

 Your Spells              Type           Power      Damage    Failure   Level
a - Ensorcelled Hibernat  Hex/Ice        18%        N/A       11%         2
b - Confusing Touch       Hex            12%        N/A       16%         3

Your spell library contained the following spells:

 Spells                   Type           Power      Damage    Failure   Level
 Tukima's Dance           Hex            12%        N/A       16%         3
 Dazzling Flash           Conj/Hex       12%        N/A       32%         3


Dungeon Overview and Level Annotations

Branches:
Dungeon (2/15)

Altars:
Elyvilon


Innate Abilities, Weirdness & Mutations

You have extremely sharp teeth.
Your natural rate of healing is unusually fast.
When hurt, damage is shared between your health and your magic reserves.
Your bite disrupts and absorbs the magic of your enemies.
Potions cannot restore your health.


Message History

Press: ? - help, Shift-Dir - straight line, f/p - gnoll
Aim: a gnoll, wielding a +0 halberd (chance to affect: 51%)
The gnoll resists with significant effort.
The gnoll shouts!
Unknown command.
Casting: Ensorcelled Hibernation (safe; 11% risk of failure)
Confirm with . or Enter, or press ? or * to list all spells.
Aiming: Ensorcelled Hibernation (safe; 11% risk of failure)
Press: ? - help, Shift-Dir - straight line, f/p - gnoll
Aim: a gnoll, wielding a +0 halberd (chance to affect: 51%)
The gnoll looks drowsy...
The gnoll barely misses you.
The gnoll shouts!
Things that are here:
a +0 spear; 4 poisoned darts; a gnoll corpse You barely miss the gnoll.
You bite the gnoll, but do no damage. The gnoll barely misses you.
The gnoll hits you from afar with a +0 spear.
You hit the gnoll. Your bite misses the gnoll.
The gnoll is lightly wounded.
The gnoll barely misses you.
The gnoll hits you from afar with a +0 spear!
Unknown command.
You hit the gnoll. You bite the gnoll, but do no damage.
The gnoll is moderately wounded.
The gnoll hits you from afar with a +0 spear.
The gnoll hits you with a +0 halberd.
* * * LOW HITPOINT WARNING * * *
Unknown command.
Unknown command.
The gnoll barely misses you.
Unknown command.
Unknown command.
Unknown command.
Unknown command.
You aren't carrying any items that you can evoke.
Unknown command.
The gnoll attacks as it pursues you!
The gnoll hits you from afar with a +0 halberd!
You die...

..##
#...........
..#
#(########## #
#.# #.# ### #.
#g# #.# #..
####.##.#####.#
#.#
...........##.#
#.#
###....g)..†..#
#.#
#..##.##.####
#.# #.. #@##.#
#.#
........##.#
#.#
###..#####)#
#.# .... #)#
##.# ### #.#
##... #.#
##.... #.#
##..... #.#
........ ...
.........


You could see 2 gnolls.

Vanquished Creatures
  6 gnolls
  2 adders (D:2)
  3 dart slugs
  4 ball pythons (D:1)
  3 bats
  An endoplasm (D:2)
  2 giant cockroaches (D:1)
  A goblin (D:2)
  4 hobgoblins
  2 quokkas (D:1)
  A frilled lizard (D:1)
  4 kobolds
  A rat (D:1)
34 creatures vanquished.

Notes
Turn   | Place    | Note
-------+----------+-------------------------------------------
     0 | D:1      | zenocrate the Vine Stalker Enchanter began the quest for
                  | the Orb.
     0 | D:1      | Reached XP level 1. HP: 9/9 MP: 4/4
    28 | D:1      | Reached skill level 1 in Short Blades
   103 | D:1      | Reached XP level 2. HP: 13/13 MP: 6/6
   106 | D:1      | Learned a level 2 spell: Ensorcelled Hibernation
   281 | D:1      | Reached skill level 4 in Stealth
   348 | D:1      | Reached XP level 3. HP: 16/16 MP: 5/7
   352 | D:1      | Learned a level 3 spell: Confusing Touch
  1039 | D:2      | Reached skill level 1 in Ice Magic
  1080 | D:2      | Found a white marble altar of Elyvilon.
  1256 | D:2      | Reached XP level 4. HP: 21/21 MP: 5/8
  1457 | D:2      | Slain by a gnoll

Illustrated notes

Levels and vault maps discovered:
D:1:      dpeg_arrival_rooms_b, layout_basic
D:2:      layout_loops_ring, basic_altar, chequers_serial_rivers_micro_d,
          minmay_misc_feat_four_crosses, skrybe_limestone_x,
          uniq_crazy_yiuf_cottage, uniq_robin

Skill      XL: |  1  2  3  4 |
---------------+-------------+-----
Short Blades   | 1 |  1.8
Dodging        | 2 |  2.3
Stealth        | 4 |  4.4
Ice Magic      | 1 2 |  2.0
Spellcasting   | |  2.1
Hexes          | |  3.5

Action                     |  1- 3 |  4- 6 || total
---------------------------+-------+-------++-------
  Melee: Dagger            |    64 |    14 ||    78
         Bite              |    16 |     6 ||    22
   Cast: Ensorcelled Hiber |    10 |     9 ||    19
   Stab: Sleeping          |    11 |     6 ||    17
 Armour: Robe              |    25 |     9 ||    34
  Dodge: Dodged            |    36 |     8 ||    44
